 Dungeon Crawl Stone Soup version 0.21-a0-286-g6fcecc0 (webtiles) character file.

1774718 Leszczynek the Hoplite (level 27, 228/228 HPs)
             Began as a Mummy Wanderer on Sept 22, 2017.
             Was a High Priest of Okawaru.
             Escaped with the Orb
             ... and 3 runes on Sept 27, 2017!
             The game lasted 05:40:21 (65928 turns).

Leszczynek the Hoplite (Mummy Wanderer)            Turns: 65928, Time: 05:40:23

Health: 228/228    AC: 43    Str: 37      XL:     27
Magic:  46/46      EV: 18    Int: 17 (19) God:    Okawaru [*****.]
Gold:   2646       SH: 35    Dex: 18      Spells: 7/46 levels left

rFire    + . .     SeeInvis +   a - +8 eveningstar (freeze) {god gift}
rCold    + . .     Gourm    .   x - +8 large shield of the Bull {god gift, Dex+4}
rNeg     + + +     Faith    .   C - +13 crystal plate armour of Valour {Regen+ rCorr MP+9}
rPois    ∞         Spirit   .   V - -2 hat of the Alchemist {rElec rPois rF+ rC+ rN+ MR+ rMut rCorr}
rElec    +         Reflect  .   p - +1 cloak {MR+}
rCorr    +         Harm     .   l - +1 pair of gloves of the Hills {rF- Regen+ Str+9 Dex+3}
rMut     +                      e - +2 pair of boots {run}
MR       +++++                  i - amulet "Ketoonul" {rF+ Regen+ Int+7 Dex-3 SInv}
Stlth    ..........             B - +4 ring of evasion
HPRegen  1.68/turn              c - ring "Luggem" {Fire Str+3 SInv Stlth-}
MPRegen  0.30/turn

@: quick
A: no food or potions, fire vulnerability, cold resistance 1, negative energy
resistance 3, torment resistance, unbreathing, in touch with death 2
0: Orb of Zot
}: 3/15 runes: serpentine, barnacled, slimy
a: Heroism, Finesse, Renounce Religion


You escaped.
You worshipped Okawaru.
Okawaru was extremely pleased with you.
You were not hungry.

You visited 11 branches of the dungeon, and saw 57 of its levels.
You visited 1 bazaar.
You also visited: Labyrinth, Trove, Ice Cave and Desolation.

You collected 7418 gold pieces.
You spent 4772 gold pieces at shops.

Inventory:

Hand Weapons
 a - a +8 eveningstar of freezing (weapon) {god gift}
Missiles
 n - 9 throwing nets (quivered)
Armour
 b - a +1 helmet of see invisible
 e - a +2 pair of boots of running (worn)
 l - the +1 pair of gloves of the Hills (worn) {rF- Regen+ Str+9 Dex+3}
   (You found it in a treasure trove)

   It affects your strength (+9).
   It affects your dexterity (+3).
   It makes you vulnerable to fire.
   It increases your rate of regeneration.
 p - a +1 cloak of magic resistance (worn)
 x - the +8 large shield of the Bull (worn) {god gift, Dex+4}
   (Okawaru gifted it to you on level 4 of the Shoals)

   It affects your dexterity (+4).
 C - the +13 crystal plate armour of Valour (worn) {Regen+ rCorr MP+9}
   (You took it off a deep elf blademaster on level 3 of the Elven Halls)

   It affects your magic capacity (+9).
   It increases your rate of regeneration.
   It protects you from acid and corrosion.
 H - the +8 orange crystal plate armour {Archmagi, Int+3 Clar}
   (You found it on level 11 of the Dungeon)

   It affects your intelligence (+3).
   It protects you against confusion.
 O - the +9 scales of the Dragon King {rPois rF+ rC+ MR+}
   (You found it on level 4 of the Depths)

   It protects you from fire.
   It protects you from cold.
   It protects you from poison.
   It affects your resistance to hostile enchantments.
 Q - the +2 cloak of the Big Bang {*Drain rF+++ rN+ MR-}
   (You found it on level 5 of the Vaults)

   It renders you almost immune to fire.
   It protects you from negative energy.
   It affects your resistance to hostile enchantments.
   It causes draining when unequipped.
 V - the -2 hat of the Alchemist (worn) {rElec rPois rF+ rC+ rN+ MR+ rMut rCorr}
   (You found it on level 5 of the Vaults)

   It protects you from fire.
   It protects you from cold.
   It insulates you from electricity.
   It protects you from poison.
   It protects you from negative energy.
   It affects your resistance to hostile enchantments.
   It protects you from acid and corrosion.
   It protects you from mutation.
Jewellery
 c - the ring "Luggem" (right hand) {Fire Str+3 SInv Stlth-}
   (You bought it in a shop on level 2 of the Orcish Mines)

   [ring of fire]

   It enhances your fire magic.
   It affects your strength (+3).
   It protects you from fire.
   It makes you vulnerable to cold.
   It lets you see invisible.
   It makes you less stealthy.
 i - the amulet "Ketoonul" (around neck) {rF+ Regen+ Int+7 Dex-3 SInv}
   (You took it off a deep elf annihilator on level 3 of the Elven Halls)

   [amulet of regeneration]

   It affects your intelligence (+7).
   It affects your dexterity (-3).
   It protects you from fire.
   It lets you see invisible.
   It increases your rate of regeneration.
 B - a +4 ring of evasion (left hand)
 J - the ring of Intercession {rC++ Str+4 Int+5}
   (You found it on level 4 of the Depths)

   [ring of strength]

   It affects your strength (+4).
   It affects your intelligence (+5).
   It greatly protects you from cold.
 Z - the ring "Xuositwo" {Wiz Str+4 Int+3 Stlth+}
   (You took it off a yaktaur captain on level 5 of the Vaults)

   [ring of wizardry]

   It improves your spell success rate.
   It affects your strength (+4).
   It affects your intelligence (+3).
   It makes you more stealthy.
Wands
 d - a wand of confusion (37/48)
 q - a wand of lightning (5/15)
 u - a wand of digging (17/24)
 v - a wand of confusion (8/48)
 y - a wand of enslavement (7/24)
 A - a wand of iceblast (6/15)
 D - a wand of clouds (6/9)
 N - a wand of acid (6/15)
 P - a wand of scattershot (2/9)
 T - a wand of iceblast (5/15)
 W - a wand of acid (8/15)
 Y - a wand of iceblast (3/15)
Scrolls
 g - 4 scrolls of recharging
 h - 33 scrolls of remove curse {@r2}
 j - 2 scrolls of brand weapon
 m - 10 scrolls of blinking
 o - 10 scrolls of fog
 r - a scroll of torment {!r}
 s - 3 scrolls of magic mapping
 t - 9 scrolls of fear
 z - 9 scrolls of identify {@r1}
 G - 5 scrolls of summoning
 R - 28 scrolls of teleportation
 U - 4 scrolls of vulnerability {!r}
Miscellaneous
 f - a lamp of fire
 F - a lightning rod (4/4)
 K - 4 phantom mirrors
 M - 3 sacks of spiders
 S - 6 boxes of beasts
 X - a phial of floods


   Skills:
 - Level 21.0 Fighting
   Level 1.3(11.0) Axes
 - Level 16.2 Maces & Flails
   Level 5.3 Crossbows
 - Level 15.0 Armour
 - Level 11.1 Dodging
 * Level 22.6 Shields
 - Level 10.0 Spellcasting
 - Level 5.0 Charms
 - Level 13.1 Necromancy
 - Level 11.3 Translocations
 - Level 5.2 Transmutations
 - Level 4.6 Earth Magic
 - Level 7.2 Invocations
 - Level 11.0 Evocations


You had 7 spell levels left.
You knew the following spells:

 Your Spells              Type           Power        Failure   Level  Hunger
a - Passwall              Tmut/Erth      ####......   22%         2    N/A
b - Control Undead        Necr           #######...   4%          4    N/A
c - Irradiate             Conj/Tmut      ###.......   100%        5    N/A
d - Passage of Golubria   Tloc           N/A          11%         4    N/A
e - Summon Butterflies    Summ           #.......     73%         1    N/A
f - Song of Slaying       Chrm           ####....     22%         2    N/A
g - Spectral Weapon       Hex/Chrm       ###.....     75%         3    N/A
h - Simulacrum            Ice/Necr       ######....   100%        6    N/A
i - Disjunction           Tloc           #####.....   100%        8    N/A
B - Blink                 Tloc           N/A          1%          2    N/A
P - Swiftness             Chrm/Air       ###.....     52%         2    N/A

Dungeon Overview and Level Annotations

Branches:
Dungeon (15/15)            Temple (0/1) D:6            Lair (6/6) D:11
 Shoals (4/4) Lair:4        Snake (4/4) Lair:3        Slime (5/5) Lair:5
    Orc (2/2) D:12            Elf (3/3) Orc:2        Vaults (5/5) D:14
  Crypt (3/3) Vaults:3       Tomb (0/3) Crypt:3      Depths (5/5) D:15
    Zot (5/5) Depths:5

Altars:
Ashenzari
Cheibriados
Elyvilon
Fedhas
Hepliaklqana
Kikubaaqudgha
Makhleb
Nemelex Xobeh
Okawaru
Ru
Trog
Uskayaw
Vehumet
Xom
Yredelemnul
Zin
The Shining One
Jiyva

Shops:
D:5 (   D:10 =   Orc:1 [   Orc:2 }?*((=   Snake:3 :   Depths:1 *   Depths:3 :
Depths:5 }

Portals:
Hell: Depths:2 Depths:3 Depths:4
Abyss: Depths:1 Depths:2 Depths:4 Depths:5
Pandemonium: Depths:1 Depths:3 Depths:5

Annotations:
D:7 2 runed doors (SHIELD OF IGNORANCE, orange statues), exclusion: orange crystal statue
D:8 2ho
D:14 vaults
Lair:2 exclusion: 3 oklob plants
Lair:4 Rupert
Lair:5 kirke (roaming), josephine, 1 exclusion
Elf:2 3 runed doors
Depths:1 exclusion: downstairs
Depths:2 zig, exclusions: 2 daevas and 2 more exclusions


Innate Abilities, Weirdness & Mutations

You do not eat or drink.
Your flesh is vulnerable to fire.
You are immune to poison.
Your flesh is cold resistant. (rC+)
You are immune to negative energy. (rN+++)
You are immune to unholy pain and torment.
You can survive without breathing.
You are strongly in touch with the powers of death.


Message History

There is a stone staircase leading down here.
There is a stone staircase leading up here.
You climb upwards.
There is a stone staircase leading down here.
There is a stone staircase leading up here.
You climb upwards.
There is a stone staircase leading down here.
There is a stone staircase leading up here.
You climb upwards.
There is a stone staircase leading down here.
Found a scroll of magic mapping.
There is a stone staircase leading up here.
You climb upwards.
There is a stone staircase leading down here.
There is an open gate here.
There is a staircase leading out of the dungeon here.
Enter note:
Enter note: maybe i should have
Enter note: oh well You have escaped!

#......#.#####.#.#.######.#####.#
...............#.#......#.##....#
.....#.#...###.#........#.####..#
.....#.#..................####..#
.....#)#..##.#..................#
....!#.#.....#.......##.######.##
.....#.#...#.#######.##.# #...
#......#...#.#.....#.##.# #..#
.......#...#.#..@..#.##.######...
.......#...#.#.....#...........##
.............#.....#..#######..#.
.......#.....##'''##..# #..#.
.......#.............## #..#.
.>.....#......######### #....
##..................... #.###
######.###.#.#..######### #.#
...)...# #............... #.#


There were no monsters in sight!

Vanquished Creatures
  2 pandemonium lords
  Dissolution (Slime:3)
  the Royal Jelly (Slime:5)
  2 ancient liches (Vaults:5)
  Mennas (Depths:4)
  Mara (Vaults:5)
  7 orbs of fire
  Bai Suzhen (Vaults:2)
  A shard shrike (Zot:2)
  A curse toe (Zot:3)
  Xtahua (Depths:5)
  Saint Roka (Depths:1)
  A caustic shrike (Depths:4)
  4 Killer Klowns (Zot:5)
  A profane servitor (Crypt:3)
  A bone dragon (Crypt:3)
  11 golden dragons
  5 liches
  3 electric golems (Zot:5)
  A hellephant (Zot:2)
  8 tentacled monstrosities
  28 Orb Guardians
  2 deep elf blademasters (Elf:3)
  Asterion (Vaults:2)
  A deep elf master archer (Elf:3)
  5 titans
  2 ancient champions
  20 acid blobs
  Frances (Elf:1)
  3 quicksilver dragons
  4 sphinxes
  Polyphemus (Shoals:2)
  3 tengu reavers
  Kirke (Lair:5)
  5 death cobs
  Donald (Orc:2)
  7 storm dragons
  6 shadow dragons
  10 azure jellies
  A revenant (Crypt:1)
  4 draconian monks
  7 nagarajas
  6 fire giants
  5 deep elf sorcerers
  3 draconian scorchers
  A ghost moth (Zot:5)
  18 vault wardens
  3 draconian knights (Zot:5)
  3 deep elf elementalists
  9 frost giants
  4 draconian stormcallers
  4 imperial myrmidons (Desolation)
  Aizul (Vaults:4)
  24 very ugly things
  2 draconian annihilators (Zot:5)
  2 curse skulls (Crypt:3)
  8 draconian shifters
  13 ghouls
  21 ironheart preservers
  4 spriggan defenders
  4 war gargoyles (Vaults:5)
  21 stone giants
  A reaper (Zot:5)
  5 vampire knights
  2 entropy weavers
  4 green draconians
  7 deep elf demonologists
  3 black draconians
  A lorocyproca (D:11)
  9 red draconians
  9 purple draconians
  A dire elephant (D:15)
  Azrael (D:15)
  9 white draconians
  8 deep elf annihilators
  6 spark wasps
  3 yellow draconians
  15 ettins
  5 eidola
  A minotaur (Lab)
  A merfolk javelineer (Shoals:4)
  5 deep elf death magi
  4 death oozes (Slime:5)
  A mummy priest (Crypt:3)
  6 fire dragons
  3 crystal guardians (Desolation)
  8 jiangshi
  3 deep elf high priests
  8 merfolk impalers
  Fannar (D:10)
  16 great orbs of eyes
  13 yaktaur captains
  A hydra (shapeshifter) (Depths:4)
  2 rakshasas
  5 hydras
  10 ragged hierophants
  29 vault guards
  A monstrous demonspawn (Depths:3)
  8 servants of whispers (Desolation)
  Erolcha (Orc:2)
  14 centaur warriors
  12 naga warriors
  6 peacekeepers (Desolation)
  A merfolk avatar (Shoals:4)
  8 ice dragons
  2 catoblepae
  7 anacondas
  A merfolk aquamancer (Shoals:4)
  An alligator snapping turtle (Shoals:4)
  A spriggan air mage (Depths:3)
  Erica (D:9)
  An anaconda (shapeshifter) (Depths:3)
  44 two-headed ogres
  8 death knights
  17 dancing weapons
  16 ogre magi
  3 satyrs
  A queen ant (shapeshifter) (Depths:4)
  11 death yaks
  3 titan zombies
  11 naga sharpshooters
  6 tengu warriors
  6 vampire magi
  2 small abominations
  2 spriggan berserkers (Depths:5)
  5 deep troll shamans (Depths:2)
  2 large abominations
  2 soul eaters
  8 deep troll earth magi
  2 shock serpents
  A sun demon (D:11)
  25 skeletal warriors
  Sonja (D:12)
  16 deep elf knights
  A sixfirhy (Depths:1)
  4 hell knights
  3 salamander mystics (Snake:4)
  A shadow wraith (Crypt:2)
  6 iron trolls (Depths:2)
  A shadow demon (Depths:3)
  2 unseen horrors (D:10)
  7 glowing orange brains
  6 wizards
  A golden dragon zombie (Crypt:3)
  An anaconda zombie (Crypt:3)
  3 sea snakes
  An infernal demonspawn (Depths:3)
  12 flayed ghosts
  6 naga ritualists
  22 deep elf archers
  16 orc knights
  24 phantasmal warriors
  An anaconda skeleton (Crypt:1)
  15 ironbrand convokers
  9 necromancers
  12 deep trolls
  9 wolf spiders
  12 harpies
  An orb spider (shapeshifter) (Vaults:2)
  75 deep elf magi
  An iron dragon zombie (Crypt:3)
  52 ugly things
  4 cyclopes
  A golden dragon skeleton (Depths:2)
  6 mana vipers
  2 frost giant zombies
  11 manticores
  11 elephants
  4 orc sorcerers
  9 moths of wrath
  14 salamanders
  4 shining eyes
  7 fauns
  A shadow dragon skeleton (Crypt:2)
  7 merfolk sirens
  A rust devil (Depths:3)
  A dire elephant zombie (Crypt:3)
  27 naga magi
  8 guardian serpents
  6 water nymphs
  A gargoyle (D:15)
  Maurice (D:10)
  16 vault sentinels
  An eye of devastation (shapeshifter) (Vaults:5)
  2 molten gargoyles
  A black mamba (shapeshifter) (D:14)
  A torpor snail (Lair:5)
  An ice statue (IceCv)
  2 yaktaur zombies
  9 spiny frogs
  A smoke demon (Zot:3)
  27 black mambas
  An elf skeleton (Depths:2)
  2 rime drakes
  63 yaktaurs
  A tormentor (Depths:1)
  A hellion (Zot:3)
  A rime drake (shapeshifter) (Vaults:3)
  4 ice devils
  A kobold demonologist (D:14)
  A spark wasp simulacrum (Depths:1)
  16 freezing wraiths
  3 komodo dragons
  A jumping spider (Crypt:3)
  2 red devils
  8 trolls
  A guardian mummy (Crypt:3)
  A hellwing (Depths:3)
  A sea snake skeleton (Crypt:1)
  28 merfolk
  4 tengu conjurers
  A queen bee (shapeshifter) (Depths:1)
  2 spriggan skeletons
  A tengu simulacrum (Vaults:4)
  73 slime creatures
  Prince Ribbit (Lair:1)
  2 meliai (shapeshifter)
  8 hornets
  17 polar bears
  A raiju (shapeshifter) (Depths:4)
  72 saltlings
  A hornet (shapeshifter) (Vaults:2)
  9 blink frogs
  4 dream sheep
  4 wind drakes
  2 alligator zombies (Crypt:3)
  4 bog bodies
  A spriggan zombie (Depths:1)
  A hippogriff (shapeshifter) (Vaults:5)
  A meliai zombie (D:14)
  A fire dragon zombie (Crypt:3)
  12 hippogriffs
  A slime creature (shapeshifter) (Elf:2)
  2 ettin zombies
  A black mamba zombie (Crypt:1)
  12 snapping turtles
  2 spriggans (shapeshifter)
  6 air elementals
  A deep troll zombie (Depths:1)
  10 water elementals
  35 yaks
  An ice dragon skeleton (Depths:1)
  8 redbacks
  4 shadows
  8 wraiths
  A wyvern (shapeshifter) (Vaults:1)
  A centaur simulacrum (D:15)
  A yak (shapeshifter) (D:15)
  3 vampires (Vaults:3)
  11 spriggans (Lair:6)
  A tarantella (shapeshifter) (Vaults:1)
  6 hogs
  An ettin skeleton (Vaults:2)
  A satyr skeleton (Crypt:1)
  5 wyverns
  A basilisk (Lair:5)
  4 fire bats (Orc:1)
  A human (D:14)
  6 fire elementals
  2 ushabtiu (Crypt:3)
  A steam dragon (D:11)
  4 golden eyes
  A neqoxec (Depths:1)
  A chaos spawn (Depths:5)
  3 hungry ghosts
  7 wargs
  49 nagas
  4 porcupines
  13 water moccasins
  2 floating eyes
  2 acid dragons
  13 ice beasts
  A spiny frog zombie (Crypt:3)
  2 hydra simulacra (Zot:2)
  41 orc warriors
  2 black bears
  3 hell hounds
  An eye of draining (shapeshifter) (Depths:3)
  3 sky beasts
  A deep troll simulacrum (Depths:1)
  4 eyes of draining
  15 necrophages
  6 phantoms
  10 boggarts
  54 ogres
  The ghost of vishdafish the Skirmisher, an amateur DsFi (D:4)
  27 centaurs
  41 wolves
  3 human skeletons
  11 crocodiles
  A rime drake zombie (Crypt:2)
  2 big kobolds
  6 earth elementals
  A wyvern zombie (D:12)
  15 bullfrogs
  7 wyvern skeletons (Crypt:3)
  4 scorpions
  19 killer bees
  18 wights
  3 howler monkeys
  5 crimson imps
  A bullfrog zombie (D:11)
  4 centaur zombies
  A lava snake (Orc:1)
  3 quasits
  A human zombie (Crypt:2)
  21 orc priests
  2 hounds
  A soldier ant zombie (Crypt:1)
  4 iron imps (Depths:3)
  21 jellies
  28 orc wizards
  6 centaur skeletons
  Terence (D:3)
  Jessica (D:3)
  Ijyb (D:3)
  6 iguanas
  11 worker ants
  A hound zombie (D:8)
  A howler monkey zombie (D:7)
  A worker ant zombie (D:11)
  Robin (D:3)
  10 gnolls
  A howler monkey skeleton (D:8)
  9 adders
  3 shadow imps
  2 ufetubi (Depths:3)
  12 oozes
  An adder zombie (D:8)
  2 adder skeletons (D:6)
  A worm (D:2)
  2 dart slugs (D:1)
  A leopard gecko (shapeshifter) (Vaults:4)
  8 leopard geckos
  91 orcs
  3 bats (D:2)
  A bat skeleton (Crypt:1)
  5 giant cockroaches
  8 hobgoblins
  8 jackals
  2 quokkas
  5 frilled lizards
  A frilled lizard skeleton (Crypt:1)
  11 goblins
  12 kobolds
  A kobold zombie (Crypt:3)
  A leopard gecko skeleton (D:6)
  An orc skeleton (Crypt:1)
  An orc zombie (Crypt:3)
  A quokka zombie (D:5)
  10 rats
  6 plants
  2 withered plants (Crypt:3)
2518 creatures vanquished.

Vanquished Creatures (collateral kills)
  An acid blob (Slime:5)
1 creature vanquished.

Vanquished Creatures (others)
  Boris (Vaults:2)
  A deep elf master archer (Elf:3)
  A ghost moth (Zot:5)
  A deep elf archer (Vaults:2)
  2 deep elf magi
  A moth of wrath (Zot:5)
  A naga mage (Snake:4)
  A vault sentinel (Vaults:3)
  2 yaktaurs (Vaults:3)
  A yak (IceCv)
  An acid dragon (D:15)
  A boggart (Lair:6)
  A centaur (Shoals:3)
  An orc wizard (Vaults:2)
  20 fungi
  12 plants
48 creatures vanquished.

Grand Total: 2567 creatures vanquished

Notes
Turn   | Place    | Note
-------+----------+-------------------------------------------
     0 | D:1      | Leszczynek the Mummy Wanderer began the quest for the Orb.
     0 | D:1      | Leszczynek set off with: a +2 hand crossbow, 22 bolts, a scroll of teleportation, a +0 hand axe, a +0 robe
     0 | D:1      | Reached XP level 1. HP: 16/16 MP: 1/1
    80 | D:1      | Reached XP level 2. HP: 22/22 MP: 2/2
   153 | D:1      | HP: 4/22 [goblin (2)]
   691 | D:1      | Reached skill level 2 in Crossbows
   889 | D:2      | Reached XP level 3. HP: 26/27 MP: 3/3
  1239 | D:2      | Found a glowing silver altar of Zin.
  1239 | D:2      | Found a snail-covered altar of Cheibriados.
  1241 | D:2      | Found an iron altar of Okawaru.
  1245 | D:2      | Became a worshipper of Warmaster Okawaru
  1402 | D:2      | Reached skill level 3 in Crossbows
  1404 | D:2      | Reached XP level 4. HP: 33/33 MP: 4/4
  1624 | D:3      | Found a glowing golden altar of the Shining One.
  1660 | D:3      | Noticed Ijyb
  1672 | D:3      | Killed Ijyb
  1905 | D:3      | Reached skill level 4 in Crossbows
  1905 | D:3      | Reached XP level 5. HP: 38/38 MP: 5/5
  1974 | D:3      | Noticed Robin
  2013 | D:3      | Killed Robin
  2178 | D:3      | Noticed Jessica
  2181 | D:3      | Killed Jessica
  2299 | D:3      | Noticed Terence
  2311 | D:3      | Killed Terence
  2525 | D:4      | Noticed vishdafish's ghost (amateur DsFi)
  2543 | D:4      | Killed vishdafish's ghost
  2543 | D:4      | Reached * piety under Okawaru
  2543 | D:4      | Reached skill level 3 in Fighting
  2543 | D:4      | Reached XP level 6. HP: 38/47 MP: 6/6
  2669 | D:4      | HP: 7/48 [orc priest/divine providence (13)]
  2670 | D:5      | Entered Level 5 of the Dungeon
  2936 | D:5      | Reached skill level 5 in Crossbows
  3032 | D:5      | Reached skill level 4 in Fighting
  3070 | D:5      | Reached XP level 7. HP: 34/54 MP: 7/7
  3164 | D:5      | Found a sacrificial altar of Ru.
  3215 | D:5      | Reached skill level 1 in Maces & Flails
  3446 | D:5      | Reached skill level 2 in Maces & Flails
  3457 | D:5      | Found Dageih's Antique Weapon Shoppe.
  3484 | D:5      | Reached ** piety under Okawaru
  3727 | D:5      | Reached skill level 3 in Maces & Flails
  3876 | D:4      | Reached skill level 4 in Maces & Flails
  3995 | D:4      | Reached XP level 8. HP: 44/60 MP: 6/8
  4005 | D:4      | Learned a level 2 spell: Blink
  4370 | D:5      | Reached skill level 5 in Maces & Flails
  4492 | D:6      | Reached *** piety under Okawaru
  4680 | D:5      | HP: 8/60 [wight/hand axe of freezing (6)]
  4690 | D:5      | HP: 9/60 [wight/hand axe of freezing (1)]
  4826 | D:4      | Reached skill level 6 in Maces & Flails
  5108 | D:6      | Found a staircase to the Ecumenical Temple.
  5174 | D:6      | Found a hide-covered altar of Uskayaw.
  5175 | D:6      | Found an ancient bone altar of Kikubaaqudgha.
  5177 | D:6      | Found a basalt altar of Yredelemnul.
  5177 | D:6      | Found a shimmering altar of Xom.
  5179 | D:6      | Found a hazy altar of Hepliaklqana.
  5180 | D:6      | Found a shattered altar of Ashenzari.
  5221 | D:6      | Reached skill level 7 in Maces & Flails
  5534 | D:7      | Noticed a two-headed ogre
  5668 | D:7      | Reached XP level 9. HP: 65/65 MP: 6/9
  5791 | D:7      | Found a radiant altar of Vehumet.
  5968 | D:7      | Found a sparkling altar of Nemelex Xobeh.
  6042 | D:7      | wow
  6042 | D:7      | 100000 EV ogre
  6042 | D:7      | how nice
  6161 | D:7      | Killed a two-headed ogre
  6161 | D:7      | Reached **** piety under Okawaru
  6161 | D:7      | Reached skill level 9 in Maces & Flails
  6227 | D:7      | Reached skill level 1 in Invocations
  6230 | D:7      | Found a runed door.
  6242 | D:7      | Found the +10 large shield of Ignorance {rN+ Int-4}
  6247 | D:7      | Found a runed door.
  6247 | D:7      | Noticed an orange crystal statue
  6284 | D:7      | Got a heavily runed leather armour
  6295 | D:7      | Identified the +3 leather armour of Xainebyd {Regen+ rCorr} (You found it on level 7 of the Dungeon)
  6470 | D:8      | Noticed a two-headed ogre
  6508 | D:7      | Reached skill level 2 in Invocations
  6610 | D:8      | Noticed a two-headed ogre
  6630 | D:8      | Killed a two-headed ogre
  6630 | D:8      | Received a gift from Okawaru
  6630 | D:8      | Reached skill level 5 in Invocations
  6639 | D:8      | Reached XP level 10. HP: 61/71 MP: 8/13
  6779 | D:8      | Found a blossoming altar of Fedhas.
  6892 | D:8      | Noticed a two-headed ogre
  7059 | D:8      | Found a white marble altar of Elyvilon.
  7200 | D:8      | Found an iron altar of Okawaru.
  7314 | D:8      | HP: 14/71 [two-headed ogre/giant spiked club (14)]
  7335 | D:8      | 10000000000000000000 EV
  7335 | D:8      | you can fire those useless wands all day
  7506 | D:9      | Reached skill level 6 in Invocations
  7523 | D:9      | Received a gift from Okawaru
  7622 | D:9      | Reached skill level 5 in Fighting
  7742 | D:9      | Noticed Erica
  7825 | D:9      | Received a gift from Okawaru
  8269 | D:10     | Entered Level 10 of the Dungeon
  8308 | D:10     | Reached skill level 6 in Fighting
  8356 | D:10     | Upgraded the game from 0.21-a0-278-ga722497 to 0.21-a0-286-g6fcecc0
  8493 | D:10     | Noticed Fannar
  8534 | D:10     | Killed Fannar
  8534 | D:10     | Reached ***** piety under Okawaru
  8534 | D:10     | Received a gift from Okawaru
  8534 | D:10     | Reached skill level 7 in Invocations
  8700 | D:10     | Found Niggah's Jewellery Shop.
  8751 | D:10     | Received a gift from Okawaru
  8882 | D:10     | Reached skill level 7 in Fighting
  8882 | D:10     | Reached XP level 11. HP: 59/84 MP: 10/16
  8956 | D:10     | Reached skill level 10 in Maces & Flails
  9031 | D:10     | Noticed Maurice
  9043 | D:10     | Killed Maurice
  9059 | D:10     | maurice without a wand? i thought he has one 100% of the time?
  9059 | D:10     | or was it ijyb only?
  9776 | D:11     | Found the +8 orange crystal plate armour {Archmagi, Int+3 Clar}
  9782 | D:11     | lel
  9782 | D:11     | i need more str for this
  9782 | D:11     | (OCPA)
  9798 | D:11     | >2 EV
  9965 | D:11     | Received a gift from Okawaru
 10020 | D:10     | Bought a +3 ring of protection for 231 gold pieces
 10020 | D:10     | Bought an uncursed ring of protection from fire for 275 gold pieces
 10061 | D:10     | Killed an unseen horror
 10155 | D:10     | Killed an unseen horror
 10155 | D:10     | Reached skill level 8 in Fighting
 10155 | D:10     | Reached skill level 11 in Maces & Flails
 10355 | D:9      | Received a gift from Okawaru
 10625 | D:8      | Reached skill level 2 in Evocations
 10667 | D:8      | Killed a two-headed ogre
 10667 | D:8      | Received a gift from Okawaru
 10667 | D:8      | Reached skill level 3 in Evocations
 11110 | D:11     | Found a staircase to the Lair.
 11117 | D:11     | boy do i love when it's hidden in some god forsaken corner without any entrance vault like that
 11119 | Lair:1   | Entered Level 1 of the Lair of Beasts
 11370 | Lair:1   | Reached skill level 1 in Dodging
 11418 | Lair:1   | Reached skill level 4 in Evocations
 11598 | Lair:1   | Reached skill level 2 in Dodging
 11701 | Lair:1   | Reached skill level 3 in Dodging
 11706 | Lair:1   | Noticed Prince Ribbit
 11718 | Lair:1   | Killed Prince Ribbit
 11995 | Lair:1   | Reached skill level 4 in Dodging
 11995 | Lair:1   | Reached XP level 12. HP: 70/92 MP: 12/17
 12207 | Lair:2   | Reached skill level 2 in Shields
 12251 | Lair:2   | Noticed a six-headed hydra
 12277 | Lair:2   | Killed a six-headed hydra
 12277 | Lair:2   | Reached skill level 3 in Shields
 12279 | Lair:2   | good
 12505 | Lair:2   | Reached skill level 4 in Shields
 12511 | Lair:2   | Found a frozen archway.
 12575 | Lair:2   | Got a scorched buckler
 12589 | Lair:2   | Identified the cursed +0 buckler of Compression {Slay+3} (You found it on level 2 of the Lair of Beasts)
 12610 | IceCv    | Entered an ice cave
 12640 | IceCv    | Received a gift from Okawaru
 12823 | IceCv    | Reached skill level 5 in Shields
 12842 | IceCv    | Learned a level 2 spell: Swiftness
 12845 | IceCv    | Learned a level 2 spell: Passwall
 12850 | IceCv    | Learned a level 4 spell: Passage of Golubria
 13013 | IceCv    | Reached skill level 6 in Shields
 13165 | IceCv    | Noticed a death yak
 13201 | IceCv    | Killed a death yak
 13211 | IceCv    | Noticed a death yak
 13221 | IceCv    | Killed a death yak
 13221 | IceCv    | Reached skill level 12 in Maces & Flails
 13331 | IceCv    | Noticed a white draconian
 13331 | IceCv    | Noticed a death yak
 13351 | IceCv    | Killed a death yak
 13367 | IceCv    | Killed a white draconian
 13367 | IceCv    | Gained mutation: You are in touch with the powers of death. [Mummy growth]
 13367 | IceCv    | Reached XP level 13. HP: 61/98 MP: 6/18
 13402 | IceCv    | Reached skill level 7 in Shields
 13721 | Lair:2   | >27 AC in leather armor
 13984 | Lair:3   | Found a labyrinth entrance.
 13994 | Lab      | Entered a labyrinth
 13995 | Lab      | plz b gud
 14647 | Lab      | ...
 14647 | Lab      | dead end
 14647 | Lab      | i made a 270 degrees circle around the middle area, with multiple entrances into the marble area
 22733 | Lab      | ok
 22733 | Lab      | maybe it changed a bit now
 22784 | Lab      | Noticed a minotaur
 22785 | Lab      | easy
 22785 | Lab      | just wait 8k turns until the bullshit fixes itself
 22785 | Lab      | why is this in the game again, i wonder
 22799 | Lab      | Killed a minotaur
 22803 | Lab      | Identified the Reference Book on Twisted Intoxication
 23002 | Lair:3   | Found a staircase to the Snake Pit.
 23236 | Lair:4   | Noticed Rupert
 23237 | Lair:4   | n o p e
 23364 | Lair:4   | Received a gift from Okawaru
 23465 | Lair:4   | why isn't it slower in water?
 23465 | Lair:4   | it can't swim, so what the fuck's going on?
 23648 | Lair:4   | Found a staircase to the Shoals.
 23657 | Lair:4   | of course
 23657 | Lair:4   | gg
 23721 | Lair:4   | Reached skill level 4 in Armour
 23881 | Lair:5   | Reached skill level 9 in Fighting
 23924 | Lair:5   | Reached skill level 13 in Maces & Flails
 24037 | Lair:5   | Noticed Kirke
 24285 | Lair:6   | Entered Level 6 of the Lair of Beasts
 24317 | Lair:6   | Reached skill level 8 in Shields
 24671 | Lair:6   | Received a gift from Okawaru
 24756 | Lair:6   | Reached XP level 14. HP: 107/108 MP: 19/19
 24826 | Lair:6   | Reached skill level 5 in Armour
 25474 | Lair:6   | Reached skill level 10 in Fighting
 25582 | Lair:5   | Got a bound emerald amulet
 25584 | Lair:5   | Identified the amulet "Utaoss" {Faith Str+2} (You found it on level 5 of the Lair of Beasts)
 25585 | Lair:5   | wow
 25585 | Lair:5   | great stuff
 25585 | Lair:5   | :/
 25587 | Lair:5   | and down to 3*
 25587 | Lair:5   | woo
 25788 | Lair:5   | Received a gift from Okawaru
 25946 | Lair:5   | Killed Kirke
 26034 | Lair:5   | Found a staircase to the Slime Pits.
 26188 | Lair:5   | pay 2* piety for checking a str+2 amulet
 26188 | Lair:5   | brilliant deal
 26188 | Lair:5   | i hate the id game
 26655 | D:12     | Found a staircase to the Orcish Mines.
 26687 | D:12     | Noticed Sonja
 26702 | D:12     | Killed Sonja
 26813 | D:12     | Reached skill level 14 in Maces & Flails
 27020 | D:12     | Reached skill level 6 in Armour
 27093 | Orc:1    | Entered Level 1 of the Orcish Mines
 27217 | Orc:1    | Found Qicwa's Armour Shop.
 27468 | Orc:1    | Found a bloodstained altar of Trog.
 27526 | Orc:2    | Entered Level 2 of the Orcish Mines
 27526 | Orc:2    | Noticed a stone giant
 27534 | Orc:2    | Noticed Donald
 27534 | Orc:2    | Killed a stone giant
 27569 | Orc:2    | Noticed Erolcha
 27579 | Orc:2    | Killed Erolcha
 27630 | Orc:2    | Reached skill level 9 in Shields
 27878 | Orc:2    | Killed Donald
 27878 | Orc:2    | Received a gift from Okawaru
 27878 | Orc:2    | Reached XP level 15. HP: 93/117 MP: 13/20
 27966 | Orc:2    | Found Viysaf's Jewellery Shop.
 27966 | Orc:2    | Found Kyek Itt's General Store.
 28059 | Orc:2    | Reached skill level 5 in Dodging
 28094 | Orc:2    | Received a gift from Okawaru
 28120 | Orc:2    | Reached skill level 11 in Fighting
 28156 | Orc:2    | Reached skill level 7 in Armour
 28285 | Orc:2    | Found a staircase to the Elven Halls.
 28303 | Orc:2    | Found Gyadi's Weapon Boutique.
 28380 | Orc:2    | Found Saulukoe's Weapon Emporium.
 28380 | Orc:2    | Found Tatiumi's Magic Scroll Boutique.
 28426 | Orc:2    | Bought the ring "Racuh" {*Slow rElec rPois rF+ MR++} for 782 gold pieces
 28445 | Orc:2    | Found Ixixa's Gadget Shop.
 28458 | Orc:2    | Bought a sack of spiders for 200 gold pieces
 28458 | Orc:2    | Bought a box of beasts for 200 gold pieces
 28458 | Orc:2    | Bought a sack of spiders for 200 gold pieces
 28528 | Orc:2    | Bought a scroll of teleportation for 54 gold pieces
 29667 | D:14     | Received a gift from Okawaru
 29807 | D:14     | Reached skill level 15 in Maces & Flails
 30086 | D:15     | Entered Level 15 of the Dungeon
 30105 | D:15     | Noticed Azrael
 30245 | D:15     | Killed Azrael
 30245 | D:15     | Reached skill level 6 in Dodging
 30444 | D:15     | Found a burning altar of Makhleb.
 30535 | D:15     | Identified a scroll of acquirement
 31169 | Orc:2    | Bought a scroll of summoning for 142 gold pieces
 31170 | Orc:2    | Bought a scroll of teleportation for 54 gold pieces
 31362 | Snake:1  | Entered Level 1 of the Snake Pit
 31596 | Snake:1  | Reached XP level 16. HP: 113/127 MP: 21/21
 31694 | Snake:1  | Reached skill level 8 in Armour
 32154 | Snake:2  | Received a gift from Okawaru
 32292 | Snake:2  | >16 scrolls of teleportation
 32292 | Snake:2  | this shit just doesn't happen during speedruns
 32403 | Snake:3  | Received a gift from Okawaru
 32414 | Snake:3  | Reached skill level 12 in Fighting
 32460 | Snake:3  | Received a gift from Okawaru
 32788 | Snake:3  | mindelay soon fellow stalker
 32869 | Snake:3  | Found Oxyeshry's Book Shop.
 33127 | Snake:4  | Entered Level 4 of the Snake Pit
 33150 | Snake:4  | Found a radiant altar of Vehumet.
 33302 | Snake:4  | Reached skill level 16 in Maces & Flails
 33585 | Snake:4  | Reached skill level 9 in Armour
 33669 | Snake:4  | swapping armor for regen
 33669 | Snake:4  | prima sort bullshit
 34124 | Snake:4  | Received a gift from Okawaru
 34156 | Snake:4  | HP: 14/127 [naga/halberd (12)]
 34310 | Snake:3  | Reached skill level 10 in Shields
 34310 | Snake:3  | Reached skill level 5 in Evocations
 34398 | Snake:4  | Received a gift from Okawaru
 34688 | Snake:4  | Reached XP level 17. HP: 98/133 MP: 18/22
 34811 | Snake:4  | Reached skill level 6 in Evocations
 35079 | Snake:4  | Got a serpentine rune of Zot
 35214 | Lair:4   | Reached skill level 10 in Armour
 35240 | Shoals:1 | Entered Level 1 of the Shoals
 35281 | Shoals:1 | Reached skill level 7 in Evocations
 35497 | Shoals:1 | Received a gift from Okawaru
 35509 | Shoals:1 | Identified the +1 pair of boots of Okawaru's Condemnation {god gift, +Fly rPois} (Okawaru gifted it to you on level 1 of the Shoals)
 35510 | Shoals:1 | wew
 36112 | Shoals:2 | Noticed Polyphemus
 36132 | Shoals:2 | Killed Polyphemus
 36634 | Shoals:3 | Reached skill level 8 in Evocations
 36748 | Shoals:4 | Entered Level 4 of the Shoals
 36763 | Shoals:4 | Reached skill level 11 in Shields
 36887 | Shoals:4 | Identified the +2 glaive of Qeofu {drain, +Fly MR+} (You took it off a merfolk on level 4 of the Shoals)
 37008 | Shoals:4 | Received a gift from Okawaru
 37025 | Shoals:4 | Got a shimmering large shield {god gift}
 37044 | Shoals:4 | Identified the +8 large shield of the Bull {god gift, Dex+4} (Okawaru gifted it to you on level 4 of the Shoals)
 37044 | Shoals:4 | damn
 37044 | Shoals:4 | but 25 shields with -2 apt is a bit...
 37044 | Shoals:4 | :)
 37345 | Shoals:4 | Reached skill level 7 in Dodging
 37350 | Shoals:4 | Reached XP level 18. HP: 120/142 MP: 19/24
 37503 | Shoals:4 | Got a barnacled rune of Zot
 37546 | Shoals:3 | and i don't even have to bother with ilsuiw, cool
 37955 | D:14     | Reached skill level 13 in Fighting
 38015 | D:14     | Found a gate to the Vaults.
 38039 | Vaults:1 | Entered Level 1 of the Vaults
 38331 | Vaults:1 | Found a portal to a secret trove of treasure.
 38335 | Vaults:1 | >This trove needs the skin of Zhor to function. Give it the item?
 38335 | Vaults:1 | I LEFT IT IN THE ICE CAVE HOW WAS I SUPPOSED TO KNOW IT WOULD BE USEFUL
 38335 | Vaults:1 | what a tease
 38335 | Vaults:1 | ah no nvm
 38335 | Vaults:1 | it's in orc
 38335 | Vaults:1 | huh?
 38335 | Vaults:1 | there were two?
 38335 | Vaults:1 | what?
 38335 | Vaults:1 | maybe that was something else in the ice cave
 38335 | Vaults:1 | ok, 242 gold left for the trove
 38430 | Vaults:1 | Reached skill level 11 in Armour
 38529 | Vaults:1 | Identified the cursed +0 scale mail of the Arcane {-Tele +Inv +Fly} (You found it on level 1 of the Vaults)
 38593 | Vaults:1 | Reached skill level 1 in Translocations
 38617 | Vaults:1 | Learned a level 4 spell: Control Undead
 38790 | Vaults:1 | Reached skill level 12 in Shields
 39058 | Vaults:1 | 114 gold left
 39061 | Vaults:1 | *124
 39077 | Vaults:1 | math be hard
 39186 | Vaults:1 | Reached skill level 2 in Translocations
 39273 | Vaults:1 | Received a gift from Okawaru
 39414 | Vaults:2 | desolation incoming
 39422 | Vaults:2 | Found a ruined gateway.
 39451 | Vaults:2 | Reached skill level 3 in Translocations
 39578 | Desolati | Entered the Desolation of Salt
 39689 | Desolati | oh yes baby, blink at 99
 39704 | Desolati | normal blink
 39746 | Desolati | Reached skill level 8 in Dodging
 39982 | Desolati | Reached skill level 4 in Translocations
 40043 | Desolati | Got a glittering marble ring
 40044 | Desolati | Identified the ring of Vehumet's Reproof {Int+3 SInv} (You found it in the Desolation of Salt)
 40048 | Desolati | Identified the +2 plate armour "Ymoked" {rC- rCorr Str+3} (You found it in the Desolation of Salt)
 40174 | Desolati | Identified the Papyrus of the Blaze
 40184 | Desolati | Got a crude plate armour
 40198 | Desolati | Identified the +7 plate armour of the Albatross {*Contam rF++} (You found it in the Desolation of Salt)
 40198 | Desolati | wew
 40276 | Desolati | Got a heavily runed amber ring
 40278 | Desolati | Identified the ring of Ucoho {+Blink rElec rC+ Int+5 Dex-2} (You found it in the Desolation of Salt)
 40279 | Desolati | this one's nice
 40386 | Desolati | Received a gift from Okawaru
 40396 | Desolati | Reached skill level 5 in Translocations
 40396 | Desolati | Reached XP level 19. HP: 112/151 MP: 15/25
 40623 | Desolati | Reached skill level 13 in Shields
 40937 | Desolati | Reached skill level 14 in Fighting
 40954 | Desolati | Received a gift from Okawaru
 40979 | Desolati | Identified the Incunabulum of Confrontation
 41130 | Vaults:2 | Reached skill level 1 in Spellcasting
 41140 | Vaults:2 | Learned a level 5 spell: Irradiate
 41230 | Vaults:2 | Reached skill level 6 in Translocations
 41309 | Vaults:2 | Reached skill level 2 in Spellcasting
 41318 | Vaults:2 | Reached skill level 9 in Dodging
 41460 | Vaults:2 | Noticed Asterion
 41477 | Vaults:2 | Killed Asterion
 41508 | Vaults:2 | Reached skill level 3 in Spellcasting
 41598 | Vaults:2 | Noticed Boris
 41624 | Vaults:2 | Killed Boris
 41624 | Vaults:2 | Reached skill level 4 in Spellcasting
 41624 | Vaults:2 | Reached skill level 7 in Translocations
 41649 | Vaults:2 | Received a gift from Okawaru
 41910 | Orc:1    | Bought the +4 skin of Zhor {rC+++} for 1059 gold pieces
 41910 | Orc:1    | Found the +4 skin of Zhor {rC+++}
 42028 | Vaults:1 | You paid a toll of the skin of Zhor to enter a treasure trove
 42029 | Trove    | Entered a treasure trove
 42032 | Trove    | Found the +0 Maxwell's etheric cage {RegenMP+ *Contam rElec MP+4}
 42041 | Trove    | Got a pair of scorched boots
 42052 | Trove    | Identified the -4 pair of boots of Ymmoschof {Str+7} (You found it in a treasure trove)
 42052 | Trove    | nice start
 42094 | Trove    | Got a pair of jewelled gloves
 42105 | Trove    | Identified the +0 pair of gloves of Zeoxooso {+Blink} (You found it in a treasure trove)
 42129 | Trove    | Identified a +1 pair of boots of running (You found it in a treasure trove)
 42155 | Trove    | Got a pair of jewelled gloves
 42166 | Trove    | Identified the +1 pair of gloves of the Hills {rF- Regen+ Str+9 Dex+3} (You found it in a treasure trove)
 42166 | Trove    | ...
 42166 | Trove    | why do all good things in this mummy game have to have rF-
 42178 | Trove    | Got a shimmering crystal plate armour
 42189 | Trove    | Identified the +0 crystal plate armour of Wiret {rN++} (You found it in a treasure trove)
 42322 | Vaults:1 | Received a gift from Okawaru
 42575 | Vaults:2 | Reached skill level 14 in Shields
 42575 | Vaults:2 | Reached skill level 5 in Spellcasting
 42801 | Vaults:2 | Reached skill level 8 in Translocations
 43182 | Vaults:2 | Noticed Bai Suzhen
 43205 | Vaults:2 | Killed Bai Suzhen
 43250 | Vaults:2 | Received a gift from Okawaru
 43281 | Vaults:2 | Reached XP level 20. HP: 147/159 MP: 24/27
 43542 | Vaults:3 | Noticed a golden dragon
 43728 | Vaults:3 | Reached skill level 9 in Translocations
 43738 | Vaults:3 | Reached skill level 10 in Dodging
 44446 | Vaults:3 | Found a staircase to the Crypt.
 45086 | Vaults:3 | Reached skill level 10 in Translocations
 45115 | Vaults:3 | Reached skill level 15 in Shields
 45365 | Vaults:4 | Received a gift from Okawaru
 45659 | Vaults:4 | Received a gift from Okawaru
 45990 | Vaults:4 | Reached skill level 11 in Translocations
 46133 | Vaults:4 | Reached skill level 15 in Fighting
 46188 | Vaults:4 | Noticed Aizul
 46207 | Vaults:4 | Killed Aizul
 46231 | Vaults:4 | Reached ****** piety under Okawaru
 46371 | Vaults:4 | Reached XP level 21. HP: 137/168 MP: 24/28
 46506 | Vaults:4 | Received a gift from Okawaru
 46976 | Elf:1    | Entered Level 1 of the Elven Halls
 47152 | Elf:1    | Found the +7 Singing Sword
 47176 | Elf:1    | Reached skill level 6 in Spellcasting
 47378 | Elf:1    | Reached skill level 12 in Armour
 47641 | Elf:1    | Noticed Frances
 47670 | Elf:1    | Killed Frances
 47822 | Elf:1    | Reached skill level 7 in Spellcasting
 47959 | Elf:2    | Reached skill level 16 in Fighting
 47993 | Elf:2    | Received a gift from Okawaru
 48114 | Elf:2    | Found a runed gate.
 48114 | Elf:2    | Found a runed gate.
 48115 | Elf:2    | Found a runed gate.
 48388 | Elf:3    | Entered Level 3 of the Elven Halls
 48746 | Elf:3    | Reached skill level 8 in Spellcasting
 48948 | Elf:3    | Received a gift from Okawaru
 48951 | Elf:3    | Got a transparent plate armour {god gift}
 48962 | Elf:3    | Identified the +1 plate armour of the Monkey's Uncle {god gift, Str+5} (Okawaru gifted it to you on level 3 of the Elven Halls)
 49283 | Elf:3    | Got a transparent pewter amulet
 49335 | Elf:3    | Identified the amulet of Doubts {Faith rPois Str+2 Int+3} (You found it on level 3 of the Elven Halls)
 49336 | Elf:3    | ...
 49347 | Elf:3    | you know what's the problem with the shit like that, right?
 49347 | Elf:3    | it's str+2 int+3 now, but when you find something better, you lose god abilities for some time
 49405 | Elf:3    | Got a smoking pewter amulet
 49462 | Elf:3    | Got a steaming iron ring
 49464 | Elf:3    | Identified the ring of Builuc {MR+ Slay+2} (You acquired it on level 3 of the Elven Halls)
 49709 | Elf:3    | Got a faintly humming crystal plate armour
 49731 | Elf:3    | Identified the +13 crystal plate armour of Valour {Regen+ rCorr MP+9} (You took it off a deep elf blademaster on level 3 of the Elven Halls)
 49731 | Elf:3    | >>>>>>>>>>>>>>>>>>>>>>>>>>>>>>>>>
 49760 | Elf:3    | Got a shimmering iron ring
 49782 | Elf:3    | Identified the ring "Luqap" {rElec Int+2 Dex+3} (You took it off a deep elf sorcerer on level 3 of the Elven Halls)
 49814 | Elf:3    | Reached skill level 9 in Spellcasting
 49855 | Elf:3    | Reached skill level 17 in Fighting
 49916 | Elf:3    | Identified the amulet "Ketoonul" {rF+ Regen+ Int+7 Dex-3 SInv} (You took it off a deep elf annihilator on level 3 of the Elven Halls)
 49917 | Elf:3    | ALMOST good
 49924 | Elf:3    | no wait this can cancel out those gloves
 49924 | Elf:3    | good
 50068 | Elf:3    | Identified Sif Muna's Guide on Supportive Confrontation
 50072 | Elf:3    | Learned a level 1 spell: Summon Butterflies
 50383 | D:15     | Found a staircase to the Depths.
 50410 | Depths:1 | Entered Level 1 of the Depths
 50447 | Depths:1 | Reached XP level 22. HP: 181/181 MP: 35/35
 50767 | Depths:1 | Found a one-way gate to the infinite horrors of the Abyss.
 50940 | Depths:1 | Found a one-way gate leading to the halls of Pandemonium.
 51032 | Depths:1 | Received a gift from Okawaru
 51035 | Depths:1 | Reached skill level 10 in Spellcasting
 51065 | Depths:1 | Found a glowing golden altar of the Shining One.
 51066 | Depths:1 | Found Vilitef's Hallowed Reliquary.
 51193 | Depths:1 | Noticed Saint Roka
 51205 | Depths:1 | Reached skill level 1 in Necromancy
 51222 | Depths:1 | Killed Saint Roka
 51386 | Depths:2 | Reached skill level 2 in Necromancy
 51748 | Depths:2 | Reached skill level 3 in Necromancy
 51803 | Depths:2 | Received a gift from Okawaru
 51893 | Depths:2 | Reached skill level 9 in Evocations
 52054 | Depths:2 | Reached skill level 4 in Necromancy
 52343 | Depths:2 | Found a gateway to Hell.
 52438 | Depths:2 | Identified the amulet of the First Princes {Reflect Int+4 SH+3} (You acquired it on level 2 of the Depths)
 52747 | Depths:3 | Reached skill level 5 in Necromancy
 53378 | Depths:3 | Received a gift from Okawaru
 53511 | Depths:3 | Found Adiunoet's One-of-a-Kind Books.
 53548 | Depths:4 | Noticed Mennas
 53565 | Depths:4 | Killed Mennas
 53565 | Depths:4 | Reached skill level 18 in Fighting
 53565 | Depths:4 | Reached skill level 16 in Shields
 53571 | Depths:4 | Found a transporter.
 53611 | Depths:4 | Found a flickering gateway to a bazaar.
 53619 | Bazaar   | Entered a bazaar
 53619 | Bazaar   | Found Piasir's Assorted Antiques.
 53619 | Bazaar   | Found Quk Bori's Armour Emporium.
 53620 | Bazaar   | Found Kepneism's Assorted Antiques.
 53620 | Bazaar   | Found Kebity's Distillery.
 53642 | Bazaar   | Bought a scroll of magic mapping for 87 gold pieces
 53642 | Bazaar   | Bought a scroll of enchant weapon for 187 gold pieces
 53642 | Bazaar   | Bought a scroll of identify for 50 gold pieces
 53647 | Bazaar   | Bought a scroll of identify for 34 gold pieces
 53647 | Bazaar   | Bought a scroll of teleportation for 51 gold pieces
 53651 | Bazaar   | Bought 3 scrolls of teleportation for 225 gold pieces
 53651 | Bazaar   | Bought a scroll of teleportation for 75 gold pieces
 53659 | Bazaar   | if i ever want to teleport 27 times in tomb, i'm set
 53659 | Bazaar   | or something
 53679 | Depths:4 | Reached skill level 6 in Necromancy
 53719 | Depths:4 | Received a gift from Okawaru
 53729 | Depths:3 | Reached XP level 23. HP: 190/190 MP: 37/37
 53731 | Depths:3 | Reached skill level 10 in Evocations
 53788 | Depths:4 | Noticed a caustic shrike
 53850 | Depths:4 | Killed a caustic shrike
 53856 | Depths:4 | Reached skill level 7 in Necromancy
 53923 | Depths:4 | Found a transporter.
 53926 | Depths:4 | Found the +9 scales of the Dragon King {rPois rF+ rC+ MR+}
 53926 | Depths:4 | dragon king scales
 53926 | Depths:4 | oh, this is noted now, cool
 53926 | Depths:4 | it used to not note pre-identified artifacts
 53931 | Depths:4 | Got a wavering bronze ring
 53932 | Depths:4 | Identified the ring of Intercession {rC++ Str+4 Int+5} (You found it on level 4 of the Depths)
 53968 | Depths:4 | Got a translucent bronze ring
 53969 | Depths:4 | Identified the ring "Orikogro" {*Contam +Inv rN+ Str+7} (You found it on level 4 of the Depths)
 54284 | Depths:5 | Entered Level 5 of the Depths
 54337 | Depths:5 | Found Karhoss's Quality Used Wands.
 54353 | Depths:5 | Bought a wand of scattershot (0/9) for 168 gold pieces
 54475 | Depths:5 | Received a gift from Okawaru
 54607 | Depths:5 | Found a gate to the Realm of Zot.
 54681 | Depths:5 | Noticed Xtahua
 54709 | Depths:5 | Killed Xtahua
 54709 | Depths:5 | Reached skill level 8 in Necromancy
 55440 | Vaults:5 | Entered Level 5 of the Vaults
 55669 | Vaults:5 | Noticed an ancient lich
 55687 | Vaults:5 | Killed an ancient lich
 55687 | Vaults:5 | Reached skill level 11 in Evocations
 55704 | Vaults:5 | Noticed an ancient lich
 55732 | Vaults:5 | Killed an ancient lich
 55732 | Vaults:5 | Reached skill level 9 in Necromancy
 55844 | Vaults:5 | Reached skill level 13 in Armour
 55867 | Vaults:5 | Identified the +2 cloak of the Big Bang {*Drain rF+++ rN+ MR-} (You found it on level 5 of the Vaults)
 55868 | Vaults:5 | hmmmmmmmmmmmmmmmmmmmmmmmmmmmmmmmmmmmmmmmmmmmmmmmmmmmmm
 55900 | Vaults:5 | Reached XP level 24. HP: 188/200 MP: 37/37
 55918 | Vaults:5 | Found the -2 hat of the Alchemist {rElec rPois rF+ rC+ rN+ MR+ rMut rCorr}
 55928 | Vaults:5 | Reached skill level 19 in Fighting
 55930 | Vaults:5 | is that what i think it is
 55930 | Vaults:5 | ok, extended incoming
 55998 | Vaults:5 | Received a gift from Okawaru
 56097 | Vaults:5 | Got a twitching lapis lazuli ring
 56219 | Vaults:5 | Reached skill level 10 in Necromancy
 56226 | Vaults:5 | Identified the ring "Tuuzav" {+Fly rC+ rN+++ Str-4 Dex+2} (You took it off a yaktaur captain on level 5 of the Vaults)
 56230 | Vaults:5 | Got a faintly glowing pewter ring
 56235 | Vaults:5 | Identified the ring "Xuositwo" {Wiz Str+4 Int+3 Stlth+} (You took it off a yaktaur captain on level 5 of the Vaults)
 56264 | Vaults:5 | Reached skill level 17 in Shields
 56298 | Vaults:5 | Noticed Mara
 56318 | Vaults:5 | Noticed Leszczynek's illusion
 56326 | Vaults:5 | Killed Mara
 56426 | Vaults:5 | Received a gift from Okawaru
 56431 | Vaults:5 | Got a sparkling amber ring
 56432 | Vaults:5 | Identified the ring "Sion" {+Fly rF- rC+ Int+2} (You took it off a frost giant on level 5 of the Vaults)
 56894 | Vaults:5 | Reached skill level 11 in Necromancy
 57060 | Vaults:5 | Reached skill level 14 in Armour
 57165 | Vaults:5 | Received a gift from Okawaru
 57691 | Slime:1  | Entered Level 1 of the Pits of Slime
 57728 | Slime:2  | Reached XP level 25. HP: 210/210 MP: 37/37
 57859 | Slime:2  | Reached skill level 20 in Fighting
 57916 | Slime:3  | Reached skill level 12 in Necromancy
 57923 | Slime:3  | Noticed Dissolution
 57982 | Slime:3  | Killed Dissolution
 57982 | Slime:3  | Received a gift from Okawaru
 58092 | Slime:5  | Entered Level 5 of the Pits of Slime
 58115 | Slime:5  | Noticed the Royal Jelly
 58280 | Slime:4  | Reached skill level 18 in Shields
 58537 | Slime:5  | Found a viscous altar of Jiyva.
 58552 | Slime:5  | Received a gift from Okawaru
 58614 | Slime:5  | Killed the Royal Jelly
 58614 | Slime:5  | Reached skill level 13 in Necromancy
 58693 | Slime:5  | Identified the ring "Ciejy" {+Fly rF+} (You found it on level 5 of the Pits of Slime)
 58706 | Slime:5  | Learned a level 2 spell: Song of Slaying
 58726 | Slime:5  | Learned a level 3 spell: Spectral Weapon
 58751 | Slime:5  | Identified the ring of Usy Cir {+Fly MP+9 Int+3} (You found it on level 5 of the Pits of Slime)
 58808 | Slime:5  | Got a twitching golden ring
 58809 | Slime:5  | Identified the ring "Plog" {rPois Dex+5} (You found it on level 5 of the Pits of Slime)
 58812 | Slime:5  | Got a heavily runed bone ring
 58813 | Slime:5  | Identified the ring "Vosianta" {Ice rPois Str-4 Dex+5 Slay+5} (You found it on level 5 of the Pits of Slime)
 58818 | Slime:5  | Identified Riloonulap's Almanac of Creative Combat Magic
 58822 | Slime:5  | Got a slimy rune of Zot
 59278 | Crypt:1  | Entered Level 1 of the Crypt
 59329 | Crypt:1  | Reached skill level 1 in Transmutations
 59342 | Crypt:1  | Reached skill level 1 in Charms
 59342 | Crypt:1  | Reached skill level 1 in Earth Magic
 59348 | Crypt:1  | Got a wavering jade ring
 59351 | Crypt:1  | Identified the ring of the Will of the Gods {rElec Dex+2 Stlth-} (You took it off a vampire mage on level 1 of the Crypt)
 59503 | Crypt:1  | Reached skill level 2 in Transmutations
 59509 | Crypt:1  | Reached skill level 2 in Earth Magic
 59809 | Orc:2    | Bought the ring "Luggem" {Fire Str+3 SInv Stlth-} for 698 gold pieces
 60174 | Crypt:2  | Reached skill level 2 in Charms
 60387 | Crypt:2  | Reached skill level 3 in Transmutations
 60438 | Crypt:1  | Learned a level 6 spell: Simulacrum
 60507 | Crypt:2  | Reached skill level 3 in Earth Magic
 60538 | Crypt:2  | Reached skill level 3 in Charms
 60541 | Crypt:3  | Entered Level 3 of the Crypt
 61046 | Crypt:3  | Reached skill level 4 in Transmutations
 61377 | Crypt:3  | Found a staircase to the Tomb.
 61391 | Crypt:3  | Gained mutation: You are strongly in touch with the powers of death. [Mummy growth]
 61391 | Crypt:3  | Reached XP level 26. HP: 219/219 MP: 37/37
 61506 | Crypt:3  | Reached skill level 4 in Charms
 61530 | Crypt:3  | Received a gift from Okawaru
 61560 | Crypt:3  | Found a basalt altar of Yredelemnul.
 61583 | Crypt:3  | Reached skill level 4 in Earth Magic
 61639 | Crypt:3  | Received a gift from Okawaru
 61640 | Crypt:3  | Got a slimy crystal plate armour {god gift}
 61641 | Crypt:3  | Identified the +0 crystal plate armour "Kunots" {god gift, -Tele +Inv MR+++ Str+4} (Okawaru gifted it to you on level 3 of the Crypt)
 61764 | Crypt:3  | Identified the Papyrus of the Hunter
 61775 | Crypt:3  | Learned a level 8 spell: Disjunction
 61814 | Crypt:3  | Reached skill level 5 in Transmutations
 61859 | Crypt:3  | now
 61859 | Crypt:3  | honestly
 61859 | Crypt:3  | if i wanted to win 15 runes
 61859 | Crypt:3  | i'd just scum abyss (yep) until i had cblink castable
 61859 | Crypt:3  | but i KINDA don't feel like it
 61859 | Crypt:3  | imagine
 61917 | Crypt:3  | Reached skill level 5 in Charms
 62529 | Zot:1    | Entered Level 1 of the Realm of Zot
 62530 | Zot:1    | i need a break
 62530 | Zot:1    | i'm just holding tab at this point
 62530 | Zot:1    | not even pressing, just holding
 62626 | Zot:2    | Reached skill level 19 in Shields
 62784 | Zot:3    | Noticed an orb of fire
 62791 | Zot:3    | Killed an orb of fire
 63011 | Zot:3    | Reached skill level 20 in Shields
 63015 | Zot:3    | Received a gift from Okawaru
 63226 | Zot:4    | Received a gift from Okawaru
 63298 | Zot:5    | Entered Level 5 of the Realm of Zot
 63412 | Zot:5    | Received a gift from Okawaru
 63886 | Zot:5    | Reached XP level 27. HP: 217/226 MP: 37/37
 63917 | Zot:5    | Noticed an orb of fire
 63931 | Zot:5    | Killed an orb of fire
 63932 | Zot:5    | Noticed an orb of fire
 63945 | Zot:5    | Killed an orb of fire
 64043 | Zot:5    | Reached skill level 11 in Dodging
 64077 | Zot:5    | Received a gift from Okawaru
 64082 | Zot:5    | Reached skill level 21 in Shields
 64159 | Zot:5    | Noticed an orb of fire
 64165 | Zot:5    | Killed an orb of fire
 64264 | Zot:5    | Reached skill level 21 in Fighting
 64396 | Zot:5    | Noticed an orb of fire
 64421 | Zot:5    | Killed an orb of fire
 64421 | Zot:5    | Reached skill level 15 in Armour
 64518 | Zot:5    | Noticed an orb of fire
 64537 | Zot:5    | Killed an orb of fire
 64593 | Zot:5    | Noticed an orb of fire
 64635 | Zot:5    | Killed an orb of fire
 64670 | Zot:5    | Received a gift from Okawaru
 64671 | Zot:5    | Identified the +0 hat of Impermeability {god gift, rF+} (Okawaru gifted it to you on level 5 of the Realm of Zot)
 64863 | Zot:5    | Reached skill level 22 in Shields
 65116 | Zot:5    | well
 65116 | Zot:5    | do i finish or not
 65126 | Zot:5    | no, fuck it
 65139 | Zot:5    | Got the Orb of Zot
 65506 | Depths:1 | Noticed Osoruloa the pandemonium lord
 65521 | Depths:1 | Killed Osoruloa the pandemonium lord
 65705 | D:11     | Noticed Erridgh the pandemonium lord
 65731 | D:11     | Killed Erridgh the pandemonium lord
 65781 | D:9      | Killed Erica
 65927 | D:1      | maybe i should have
 65927 | D:1      | oh well
 65928 | D:$      | Escaped with the Orb!

Vault maps used:
D:1:      dpeg_arrival_windows_large_door
D:2:      gammafunk_temple_overflow_forgotten
D:3:      tso_metal_star, uniq_terence, uniq_jessica, uniq_robin, uniq_ijyb
D:4:      serial_forest, infiniplex_forest_clump_diagonal,
          infiniplex_forest_clump_double, infiniplex_forest_lined_3,
          infiniplex_forest_corner_2, infiniplex_forest_straight_4,
          infiniplex_forest_lined_room_2, infiniplex_forest_corner_1,
          infiniplex_forest_lined_room_, first_bread,
          hangedman_abyss_or_decor_stabs
D:5:      serial_shops, shop, portal_sewer_entry_d,
          nicolae_ru_sacrificial_ziggurat
D:6:      grunt_temple_overflow_open, minmay_temple_entry_junction, st_stairs_7
D:7:      nemelex_xobeh_ov_fountains_minmay, basic_altar, minmay_misc_feat_five,
          grunt_ogre_cave, nicolae_water_bricks,
          chequers_guarded_unrand_ignorance
D:8:      kennysheep_mini, elyvilon_altar_3, okawaru_gym_becter
D:9:      st_stairs_11, uniq_erica
D:10:     serial_shops, shop, corner_web_ring, minivault_5, minivault_27,
          uniq_maurice, uniq_fannar
D:11:     lair_entry_dummy, hangedman_decor_lopped
D:12:     david_orc_3, uniq_sonja
D:13:     lemuel_nasty_fountain
D:14:     grunt_vaults_entry_fortified, minmay_misc_feat_rugged
D:15:     hangedman_depths_entry_try_elsewhere_first, small_statue_alley_a,
          basic_altar, uniq_azrael
Lair:1:   wad_woods_road_05, uniq_prince_ribbit2
Lair:2:   portal_ice_cave_entry_ice_beasts, nicolae_quartered_pool_medium,
          grunt_megastairs_4, minmay_lair_oklob_chamber
Lair:3:   guppyfry_snake_entry_garden, lab_entry_generic, grunt_megastairs_5
Lair:4:   elwin_shoals_entry_rocks, serial_bayou_shore_b, uniq_rupert
Lair:5:   lemuel_slime, minmay_slime_entry_jelly_boxes,
          infiniplex_staircase_pool, uniq_kirke, uniq_josephine
Lair:6:   minmay_lair_end_enchanted_forest, minivault_26
Shoals:2: uniq_polyphemus
Shoals:3: centaur_isle
Shoals:4: shoals_end_grunt_ice, shoal_ilsuiw
Snake:3:  serial_shops, shop
Snake:4:  snake_pit, basic_altar
Slime:3:  uniq_dissolution
Slime:4:  cheibrodos_slime_lost_civilization_6
Orc:1:    serial_shops, shop_fountains, nicolae_orc_lava_tube,
          trog_butcher_becter
Orc:2:    st_orc_ogre_mass, serial_shops, shop, shop, uniq_donald, uniq_erolcha
Elf:1:    eino_elf_arrival_shootout, minivault_28, minmay_the_grid_2x2,
          uniq_frances
Elf:3:    elf_hall_gauntlet_wide
Vaults:1: nicolae_vaults_network_s, v_misc_29, v_alt_pattern_2,
          vaults_mumra_lcd, v_misc_8, v_misc_14, hangedman_vaults_maws,
          vaults_dpeg_diagonal, v_misc_11, vaults_dpeg_encased_lava,
          enter_trove_3
Vaults:2: nicolae_vaults_little_squares_4, vaults_dpeg_spiral, v_misc_18,
          ontoclasm_vaults_eye, v_misc_4, vaults_room_stairs_pillars,
          hangedman_vaults_restitches, nicolae_vaults_back_hallway,
          ontoclasm_vaults_shuriken, grunt_vaults_hallway_long, v_alt_pattern_6,
          ontoclasm_vaults_pinch, portal_desolation_entry_nicolae_nacl,
          uniq_boris, uniq_bai_suzhen, uniq_asterion
Vaults:3: minmay_crypt_entry_vampire_xt, hangedman_vaults_nodes,
          ontoclasm_vaults_bender, nicolae_vaults_ninety_degrees, v_rooms_4,
          nicolae_vaults_specimen_jars, ontoclasm_vaults_twist,
          nicolae_vaults_what_the_h, grunt_vaults_hallway_long, v_misc_12
Vaults:4: st_cells, vaults_room_fours, v_misc_28, v_misc_26,
          grunt_vaults_hallway_long, v_misc_5, v_misc_13,
          dpeg_vaults_monster_row, v_misc_31, nicolae_vaults_little_squares_2,
          v_misc_19, ontoclasm_vaults_gateway, v_misc_14, vaults_room_door_ring,
          uniq_aizul
Vaults:5: uniq_mara
Crypt:1:  st_small_mortuary
Crypt:3:  evilmike_haunted_forest
Depths:1: hangedman_decor_clover_reticule, rand_demon_pan_entry_4, hell_entry,
          abyss_entry, hangedman_abyss_or_decor_stagger,
          serial_sigils_hangedman_quiver, nicolae_good_shop, uniq_saint_roka
Depths:2: minmay_outward_triangles, enter_ziggurat_d, serial_co_window_serial,
          co_window_corner_a, co_window_paths_b, co_window_corner_a,
          co_window_corner_a, co_window_paths_a, co_window_corner_cb,
          co_window_corner_b, co_window_cross_3, co_window_corner_ca,
          co_window_corner_b, glass_columns_c, glass_columns_a, glass_columns_a,
          glass_columns_b, glass_columns_c, abyss_entry, hell_entry,
          serial_bayou_shore_b, minmay_staircase_statues, firewood_loft
Depths:3: nicolae_whirlpool, special_room, hangedman_tar_grid_catacomb,
          grunt_pan_entry_spiral, grunt_ministairs_6, nicolae_rare_books
Depths:4: gammafunk_dig_for_victory, serial_shops, bzr_entry_lakeside,
          hell_entry, abyss_entry, kennysheep_crisscross,
          infiniplex_staircase_diamond, uniq_mennas
Depths:5: evilmike_zot_entry_basic, grunt_hell_horde, minmay_misc_feat_x,
          abyss_entry, pan_entry, nicolae_for_you_no_charge, uniq_boris,
          uniq_xtahua
Zot:1:    guppyfry_library_mini
Zot:2:    hangedman_elemental_grid_stream
Zot:3:    stair_cage_cross
Zot:5:    bh_zot_levy_curve, st_stairs_7
Bazaar:   bazaar_minmay_row
Trove:    trove_armour_1
IceCv:    ice_cave_caverns_02

Skill      XL: |  1  2  3  4  5  6  7  8  9 10 11 12 13 14 15 16 17 18 19 20 21 22 23 24 25 26 27 |
---------------+----------------------------------------------------------------------------------+-----
Crossbows      | 2 3 4 5 |  5.3
Fighting       | 3 4 7 8 9 10 11 12 13 14 15 17 18 19 20 21 | 21.0
Maces & Flails | 4 7 9 11 12 13 14 15 16 | 16.2
Invocations    | 5 7 |  7.2
Evocations     | 4 5 8 9 11 | 11.0
Dodging        | 4 6 7 8 9 10 11 | 11.1
Shields        | 6 8 9 10 11 12 14 15 16 17 18 20 22 | 22.6
Armour         | 4 6 7 9 10 11 12 13 14 15 | 15.0
Translocations | 5 8 11 | 11.3
Spellcasting   | 5 9 10 | 10.0
Necromancy     | 6 9 11 13 | 13.1
Transmutations | 4 5 |  5.2
Charms         | 3 5 |  5.0
Earth Magic    | 3 4 |  4.6
Axes           | |  1.3

Action                   |  1- 3 |  4- 6 |  7- 9 | 10-12 | 13-15 | 16-18 | 19-21 | 22-24 | 25-27 || total
-------------------------+-------+-------+-------+-------+-------+-------+-------+-------+-------++-------
Melee: Hand axe          |    18 |     2 |       |       |       |       |       |       |       ||    20
       Spear             |       |    17 |       |       |       |       |       |       |       ||    17
       Quarterstaff      |       |    58 |    40 |       |       |       |       |       |       ||    98
       Flail             |       |       |   237 |       |   639 |       |       |       |       ||   876
       Dire flail        |       |       |    47 |  1329 |    15 |       |       |       |       ||  1391
       Eveningstar       |       |       |       |       |  1183 |  2111 |  2353 |  1963 |  1959 ||  9569
 Fire: Hand crossbow     |    54 |    79 |    86 |   127 |    64 |       |       |       |       ||   410
Throw: Throwing net      |       |     1 |     1 |       |       |       |       |     1 |       ||     3
Invok: Heroism           |       |       |    10 |    27 |    31 |    32 |    35 |    19 |    32 ||   186
       Finesse           |       |       |       |     3 |     4 |     8 |     5 |     6 |    12 ||    38
 Abil: Stop Flying       |       |       |       |       |       |     4 |     1 |       |       ||     5
       Evoke Flight      |       |       |       |       |       |     4 |     1 |       |       ||     5
Evoke: Wand              |       |       |    11 |    10 |     4 |     8 |     9 |     6 |    23 ||    71
       Lightning rod     |       |       |       |     5 |       |     3 |       |     1 |       ||     9
       Box of beasts     |       |       |       |       |       |       |       |     1 |     1 ||     2
       Sack of spiders   |       |       |       |       |       |       |       |     1 |       ||     1
       Lamp of fire      |       |       |       |       |       |       |       |     2 |     2 ||     4
       Phantom mirror    |       |       |       |       |       |       |       |       |     1 ||     1
  Use: Scroll            |       |     2 |     5 |    13 |    14 |    18 |    13 |    17 |    12 ||    94
 Stab: Sleeping          |       |       |     1 |       |       |       |       |       |       ||     1
       Distracted        |       |       |     1 |       |       |       |       |       |       ||     1
       Confused          |       |       |       |       |       |     1 |     6 |       |       ||     7
Armor: Robe              |     2 |       |       |       |       |       |       |       |       ||     2
       Ring mail         |     7 |    21 |       |       |     2 |       |       |       |       ||    30
       Leather armour    |       |    16 |   120 |   417 |   302 |    30 |       |       |       ||   885
       Scale mail        |       |       |       |       |   200 |   153 |       |       |       ||   353
       Crystal plate arm |       |       |       |       |       |   721 |   849 |   451 |   190 ||  2211
       Gold dragon scale |       |       |       |       |       |       |       |       |   165 ||   165
Dodge: Dodged            |    25 |    78 |   198 |   666 |   481 |   565 |   462 |   251 |   375 ||  3101
Block: Shield            |       |       |       |       |   861 |  1131 |  1194 |       |       ||  3186
       Reflection        |       |       |       |       |    18 |    98 |   102 |       |       ||   218
       Large shield      |       |       |       |       |       |       |    37 |  1919 |  1863 ||  3819

Table legend:
 A = Spawn XP
 B = Non-spawn XP
 C = Spawn XP percentage of total XP
 D = Spawn monster count
 E = Non-spawn monster count
 F = Spawn count percentage of total count
 G = Total turns spent on level
                    A         B        C        D         E        F      G
               +---------+---------+-------+---------+---------+-------+---------
         Total |       0 | 1665151 |   0.0 |       0 |    2485 |   0.0 | 65928
               +---------+---------+-------+---------+---------+-------+---------
           D:1 |       0 |      38 |   0.0 |       0 |      18 |   0.0 |   822
           D:2 |       0 |      98 |   0.0 |       0 |      19 |   0.0 |   816
           D:3 |       0 |     241 |   0.0 |       0 |      28 |   0.0 |   867
           D:4 |       0 |     605 |   0.0 |       0 |      15 |   0.0 |   878
           D:5 |       0 |     990 |   0.0 |       0 |      20 |   0.0 |  1442
           D:6 |       0 |     670 |   0.0 |       0 |      18 |   0.0 |   858
           D:7 |       0 |    1719 |   0.0 |       0 |      21 |   0.0 |  1033
           D:8 |       0 |    3366 |   0.0 |       0 |      26 |   0.0 |  1127
           D:9 |       0 |    3235 |   0.0 |       0 |      39 |   0.0 |  1273
          D:10 |       0 |    5752 |   0.0 |       0 |      45 |   0.0 |  1201
          D:11 |       0 |    2691 |   0.0 |       0 |      45 |   0.0 |  1212
          D:12 |       0 |    5980 |   0.0 |       0 |      32 |   0.0 |   892
          D:13 |       0 |    3747 |   0.0 |       0 |      11 |   0.0 |   819
          D:14 |       0 |   20376 |   0.0 |       0 |      38 |   0.0 |  1984
          D:15 |       0 |   16171 |   0.0 |       0 |      37 |   0.0 |  1163
        Lair:1 |       0 |    4748 |   0.0 |       0 |      21 |   0.0 |  1334
        Lair:2 |       0 |    4662 |   0.0 |       0 |      28 |   0.0 |   908
        Lair:3 |       0 |    5118 |   0.0 |       0 |      13 |   0.0 |   693
        Lair:4 |       0 |    8025 |   0.0 |       0 |      20 |   0.0 |   821
        Lair:5 |       0 |    8935 |   0.0 |       0 |      54 |   0.0 |  1048
        Lair:6 |       0 |   19091 |   0.0 |       0 |      73 |   0.0 |  1263
      Shoals:1 |       0 |   12983 |   0.0 |       0 |      26 |   0.0 |   592
      Shoals:2 |       0 |   14496 |   0.0 |       0 |      23 |   0.0 |   554
      Shoals:3 |       0 |    7796 |   0.0 |       0 |      20 |   0.0 |   449
      Shoals:4 |       0 |   27660 |   0.0 |       0 |      50 |   0.0 |   797
       Snake:1 |       0 |    7232 |   0.0 |       0 |      17 |   0.0 |   440
       Snake:2 |       0 |   10246 |   0.0 |       0 |      15 |   0.0 |   622
       Snake:3 |       0 |   17530 |   0.0 |       0 |      39 |   0.0 |   966
       Snake:4 |       0 |   55533 |   0.0 |       0 |      99 |   0.0 |  1799
       Slime:2 |       0 |   18190 |   0.0 |       0 |      42 |   0.0 |   240
       Slime:3 |       0 |   20477 |   0.0 |       0 |      10 |   0.0 |    85
       Slime:4 |       0 |   15625 |   0.0 |       0 |      20 |   0.0 |   476
       Slime:5 |       0 |   40209 |   0.0 |       0 |      22 |   0.0 |   386
         Orc:1 |       0 |    1984 |   0.0 |       0 |      18 |   0.0 |   548
         Orc:2 |       0 |   26891 |   0.0 |       0 |      76 |   0.0 |  1171
         Elf:1 |       0 |   28965 |   0.0 |       0 |      48 |   0.0 |   962
         Elf:2 |       0 |   14971 |   0.0 |       0 |      27 |   0.0 |   522
         Elf:3 |       0 |   57378 |   0.0 |       0 |      56 |   0.0 |  1783
      Vaults:1 |       0 |   29335 |   0.0 |       0 |      63 |   0.0 |  1616
      Vaults:2 |       0 |   88153 |   0.0 |       0 |     125 |   0.0 |  2433
      Vaults:3 |       0 |   47612 |   0.0 |       0 |      82 |   0.0 |  1861
      Vaults:4 |       0 |   68227 |   0.0 |       0 |     103 |   0.0 |  1500
      Vaults:5 |       0 |  213399 |   0.0 |       0 |     171 |   0.0 |  1853
       Crypt:1 |       0 |   25879 |   0.0 |       0 |      38 |   0.0 |   486
       Crypt:2 |       0 |   22924 |   0.0 |       0 |      27 |   0.0 |   458
       Crypt:3 |       0 |   64498 |   0.0 |       0 |      97 |   0.0 |  1473
      Depths:1 |       0 |   37540 |   0.0 |       0 |      56 |   0.0 |  1192
      Depths:2 |       0 |   50035 |   0.0 |       0 |      53 |   0.0 |  1250
      Depths:3 |       0 |   40042 |   0.0 |       0 |      73 |   0.0 |  1007
      Depths:4 |       0 |   64869 |   0.0 |       0 |      51 |   0.0 |   742
      Depths:5 |       0 |   36880 |   0.0 |       0 |      27 |   0.0 |   872
         Zot:1 |       0 |    4413 |   0.0 |       0 |       3 |   0.0 |   111
         Zot:2 |       0 |   13661 |   0.0 |       0 |       8 |   0.0 |   181
         Zot:3 |       0 |   67445 |   0.0 |       0 |      33 |   0.0 |   400
         Zot:4 |       0 |   18649 |   0.0 |       0 |      13 |   0.0 |   173
         Zot:5 |       0 |  206415 |   0.0 |       0 |      73 |   0.0 |  1962
           Lab |       0 |    1144 |   0.0 |       0 |       1 |   0.0 |  8891
         IceCv |       0 |   13032 |   0.0 |       0 |      50 |   0.0 |   877
    Desolation |       0 |   56575 |   0.0 |       0 |     109 |   0.0 |  1491
               +---------+---------+-------+---------+---------+-------+---------
